Map: Whispers of Gold

Players

AndyGege

  • Race: Terran Terran
  • Spawn Location: 9:00

llllllllllll - Winner!

  • Race: Terran Terran
  • League: Silver
  • Spawn Location: 5:00

VOD

Have the link to the VOD?

Description

Time

  • Played on: April 24, 2025, 9:27 a.m.
  • Length: 3:44
Show
View Real Time Build Order
Export as new Build Order

AndyGege Terran 

Build Orders:  

Get SALT Encoding   

  12  0:00  SCV  
  13  0:16  Supply Depot  
  13  0:21  SCV  
  14  0:33  SCV  
  15  0:41  Barracks  
  15  0:45  SCV  
  15  0:47  Refinery  
  16  1:03  SCV  
  17  1:07  Refinery  
  17  1:15  SCV  
  18  1:27  SCV  
  18  1:29  Supply Depot  
  18  1:30  Marine  
  21  1:40  SCV  
  21  1:51  Factory  
  21  1:52  SCV  
  22  1:58  Marine  
  23  2:04  SCV  
  24  2:16  SCV, Marine  
  24  2:18  Supply Depot  
  26  2:34  Marine  
  25  2:41  Hellion  
  22  2:51  Marine  
  22  3:09  Marine  
  22  3:12  Hellion  
  20  3:15  SCV  
  9  3:27  SCV  
Show
View Real Time Build Order
Export as new Build Order

llllllllllll Terran - Winner!

Build Orders:  

Get SALT Encoding   

  12  0:00  SCV  
  13  0:12  SCV  
  14  0:25  Supply Depot, SCV  
  15  0:30  Refinery  
  15  0:47  Barracks  
  15  1:00  Barracks  
  15  1:18  Barracks  
  15  1:34  Reaper  
  16  1:44  Refinery  
  16  1:47  Reaper  
  17  2:05  Reaper  
  18  2:08  Reaper  
  18  2:10  Orbital Command  
  19  2:22  Reaper  
  20  2:26  Supply Depot  
  20  2:37  Reaper  
  21  2:44  Reaper  
  21  2:49  SCV  
  23  2:58  Reaper  
  24  3:02  SCV  
  25  3:09  Reaper  
  27  3:20  SCV  
Tags
 
League
Silver
Matchup
TvT
Race
Terran
Replay Pack
kreditionep1
Spawn Locations
Cross Positions
Add a new tag
Caveats
  • Supply blocks, unpowered buildings, or Contaminate may cause inaccurate times.
  • Supply counts are checked every 10 seconds.